 Dungeon Crawl Stone Soup version 0.22.0-75-g3901e79 (webtiles) character file.

70 Loudmushroom the Covered (level 4, 0/29 HPs)
             Began as a Gargoyle Fighter on Sept 15, 2018.
             Slain by Crazy Yiuf
             ... wielding a +3 quarterstaff of chaos
              (21 damage)
             ... on level 2 of the Dungeon.
             The game lasted 00:08:13 (1804 turns).

Loudmushroom the Covered (Gargoyle Fighter)         Turns: 1804, Time: 00:08:14

Health: 0/29       AC: 15    Str: 21    XL:     4   Next: 22%
Magic:  4/4        EV:  4    Int:  8    God:
Gold:   73         SH:  9    Dex:  9    Spells: 3/3 levels left

rFire    . . .     SeeInvis .   a - +0 war axe
rCold    . . .     Gourm    .   c - +0 shield
rNeg     + . .     Faith    .   i - +0 plate armour
rPois    ∞         Spirit   .   (no helmet)
rElec    +         Reflect  .   (no cloak)
rCorr    .         Harm     .   (no gloves)
MR       .....                  (no boots)
Stlth    ..........             (no amulet)
HPRegen  0.09/turn              (no ring)
MPRegen  0.09/turn              (no ring)

@: no status effects
A: negative energy resistance 1, electricity resistance, unbreathing,
petrification resistance, rot immunity, AC +3
a: no special abilities


You were on level 2 of the Dungeon.
You were not hungry.

You visited 1 branch of the dungeon, and saw 2 of its levels.

You collected 73 gold pieces.

Inventory:

Hand Weapons
 a - a +0 war axe (weapon)
 j - a +1 mace of draining
Missiles
 e - 77 stones (quivered)
 m - 15 bolts
 p - 22 sling bullets
Armour
 c - a +0 shield (worn)
 i - a +0 plate armour (worn)
 r - a +0 scale mail of cold resistance
Scrolls
 k - 4 scrolls of remove curse {unknown}
 l - a scroll of fear {unknown}
 s - a scroll of identify {unknown}
 t - a scroll of enchant armour {unknown}
Potions
 b - a potion of magic {unknown}
 d - 3 potions of might
 g - a potion of haste {unknown}
 n - a potion of lignification {unknown}
 o - a potion of curing {unknown}
 q - a potion of invisibility {unknown}
Comestibles
 f - a ration


   Skills:
 + Level 3.7 Fighting
 * Level 2.8 Axes
 + Level 3.8 Armour
 + Level 3.7 Shields


You had 3 spell levels left.
You didn't know any spells.
Your spell library was empty.

Dungeon Overview and Level Annotations

Branches:
Dungeon (2/15)

Altars:
Dithmenos
Gozag
Hepliaklqana

Annotations:
D:2 Crazy Yiuf


Innate Abilities, Weirdness & Mutations

You are resistant to torment.
Your stone body is resilient. (AC +3)
You are immune to poison.
You resist negative energy. (rN+)
You are resistant to electric shocks. (rElec)
You can survive without breathing.
You are immune to petrification.
You are immune to rotting.


Message History

You open the door.
Crazy Yiuf the Enlightened comes into view.
He is wielding a quarterstaff of
Found a mace.
Crazy Yiuf laughs, "Leather!"
There is an open door here.
You hit Crazy Yiuf but do no damage.
Crazy Yiuf grits, "Dawk cloud canine!"
Crazy Yiuf drinks a potion.
Crazy Yiuf seems to grow stronger.
Crazy Yiuf hits you with a quarterstaff of chaos.
You barely miss Crazy Yiuf. You block Crazy Yiuf's attack.
You closely miss Crazy Yiuf.
Crazy Yiuf hits you with a quarterstaff of chaos.
Your shield and plate armour prevent you from hitting Crazy Yiuf.
Crazy Yiuf hits you with a quarterstaff of chaos.
Crazy Yiuf burns you. You block Crazy Yiuf's attack.
You closely miss Crazy Yiuf. You block Crazy Yiuf's attack.
You closely miss Crazy Yiuf.
Crazy Yiuf hits you with a quarterstaff of chaos!!
Ouch! That really hurt!
You die...

......[##############............
........####........'............
.......>.....########............
........###### ######...##.#
..........# #....... ........###
#....... ........# ####
♣♣##....... ........# #)..#♣♣
♣♣P.....#### ........#
#..g@.♣♣♣♣P......#### ######..#
#...#♣..♣.P......#..# ######..#
#### ♣♣♣.♣.P.....#_.. ........#
♣♣♣♣♣##...##.. ######.## #...#..#
........########## ############.#
........'........# #....# ###
........######+#.###....# #.#
..................##....# #.#


You could see Crazy Yiuf.

Vanquished Creatures
  2 adders (D:2)
  An ooze (D:1)
  2 worms (D:2)
  A dart slug (D:1)
  6 giant cockroaches
  6 goblins (D:1)
  5 hobgoblins
  4 jackals (D:1)
  4 kobolds
  A ball python (D:1)
  2 bats (D:1)
  3 frilled lizards (D:1)
  2 rats (D:1)
39 creatures vanquished.

Notes
Turn   | Place    | Note
-------+----------+-------------------------------------------
     0 | D:1      | Loudmushroom the Gargoyle Fighter began the quest for the
                  | Orb.
     0 | D:1      | Reached XP level 1. HP: 14/14 MP: 1/1
   150 | D:1      | Reached XP level 2. HP: 19/19 MP: 2/2
   559 | D:1      | Reached XP level 3. HP: 23/23 MP: 3/3
  1124 | D:2      | Reached XP level 4. HP: 24/29 MP: 4/4
  1221 | D:2      | Found an opulent altar of Gozag.
  1231 | D:2      | Found a shadowy altar of Dithmenos.
  1232 | D:2      | Found a hazy altar of Hepliaklqana.
  1507 | D:2      | Found a runed door.
  1797 | D:2      | Noticed Crazy Yiuf
  1804 | D:2      | Slain by Crazy Yiuf

Skill      XL: |  1 |
---------------+----+-----
Axes           | 2 |  2.8
Fighting       | |  3.7
Armour         | |  3.8
Shields        | |  3.7

Action                   |  1- 3 |  4- 6 || total
-------------------------+-------+-------++-------
Melee: War axe           |   157 |    53 ||   210
  Eat: Chunk             |     1 |     2 ||     3
Armor: Plate armour      |   106 |    36 ||   142
       Scale mail        |     3 |       ||     3
Dodge: Dodged            |    26 |    11 ||    37
Block: Shield            |    98 |    34 ||   132
